 Dungeon Crawl Stone Soup version 0.24-a0-584-g9d6b971ae4 (webtiles) character file.

Game seed: 4474506311864732099, levelgen mode: deterministic

616 DEFE the Basher (level 7, 22/57 HPs)
             Began as a Purple Draconian Fighter on Aug 30, 2019.
             Quit the game on level 5 of the Dungeon.
             The game lasted 00:04:21 (4020 turns).

DEFE the Basher (Purple Draconian Fighter)          Turns: 4020, Time: 00:04:21

Health: 22/57      AC: 12    Str: 20    XL:     7   Next: 21%
Magic:  7/7        EV: 19    Int:  8    God:
Gold:   224        SH:  0    Dex: 11    Spells: 6/6 levels left

rFire    . . .     SeeInvis .   (weapon currently unavailable)
rCold    . . .     Gourm    .   (shield currently unavailable)
rNeg     + + +     Faith    .   (armour unavailable)
rPois    +         Spirit   .   (helmet currently unavailable)
rElec    .         Reflect  .   (cloak currently unavailable)
rCorr    .         Harm     .   (gloves currently unavailable)
MR       +....                  (boots currently unavailable)
Stlth    +.........             (no amulet)
HPRegen  0.19/turn              (no ring)
MPRegen  0.10/turn              (no ring)

@: fungus-form
A: tiny, (breathe power), unfitting armour, AC +6
a: no special abilities


You were on level 5 of the Dungeon.
You were hungry.
You were a sentient fungus.
You visited 1 branch of the dungeon, and saw 5 of its levels.

You collected 224 gold pieces.

Inventory:

Hand Weapons
 a - a +0 flail (melded)
Armour
 b - a +0 shield (melded)
Scrolls
 f - a scroll of identify
 g - a scroll of enchant weapon
 j - a scroll of fear {unknown}
 l - a scroll of noise {unknown}
 n - 2 scrolls of teleportation
 p - a scroll of remove curse {unknown}
 r - 3 scrolls of blinking
 u - 2 scrolls of magic mapping {unknown}
Potions
 c - a potion of might
 e - 2 potions of flight {unknown}
 h - a potion of mutation {unknown}
 i - 2 potions of curing
 m - 2 potions of degeneration {unknown}
 o - a potion of berserk rage {unknown}
 q - a potion of brilliance {unknown}
 s - a potion of resistance {unknown}
 t - a potion of haste {unknown}
 v - a potion of agility {unknown}
Comestibles
 d - 9 rations


   Skills:
 - Level 3.2 Fighting
 + Level 8.1 Maces & Flails
 - Level 2.6 Dodging
 - Level 3.0 Shields


You had 6 spell levels left.
You didn't know any spells.
Your spell library was empty.

Dungeon Overview and Level Annotations

Branches:
Dungeon (5/15)
 Temple: D:4-7

Altars:
Cheibriados
Trog
Vehumet

Annotations:
D:2 1 runed translucent door, Crazy Yiuf


Innate Abilities, Weirdness & Mutations

((You can breathe bolts of dispelling energy.))
((Your rich purple scales are hard. (AC +6)))
You cannot fit into any form of body armour.
((You are cold-blooded and may be slowed by cold attacks.))


Message History

Edmund barely misses you.
You release spores at Edmund.
Edmund appears confused.
Edmund misses you.
You release spores at Edmund but do no damage.
Edmund completely misses you.
You release spores at Edmund but do no damage.
Edmund appears confused.
Edmund hits you but does no damage.
You release spores at Edmund but do no damage.
Edmund appears confused.
You release spores at Edmund!
You kill Edmund!
Your Maces & Flails skill increases to level 8!
You have reached level 7!
Your scales start taking on a rich purple colour.
You learn Spellcasting much quicker.
You learn Hexes much quicker.
You learn Charms much quicker.
You learn Evocations quicker.
You can breathe bolts of dispelling energy.
You regained 2 hp, and now have 22/57 hp.
MP restored: 7 Unknown command.
Unknown command.

#.####..#####.#.#
#........†....#.#
#######..#######.#
.........# #.#
#######.## #.# #.#
#.# #.# #.# #.#
#<# #######.# #f#
........# #)#
################.#
..@.........)..((#
##################


There were no monsters in sight!

Vanquished Creatures
  Edmund (D:5)
  2 ogres (D:5)
  A scorpion (D:5)
  A howler monkey (D:5)
  A hound (D:4)
  An orc wizard (D:3)
  A hound skeleton (D:2)
  A worker ant zombie (D:5)
  A gnoll (D:1)
  5 adders
  An ooze (D:1)
  An adder skeleton (D:4)
  4 worms
  3 dart slugs
  4 leopard geckos
  12 orcs
  2 giant cockroaches
  8 goblins
  6 hobgoblins
  11 kobolds
  2 quokkas
  4 bats
  7 frilled lizards
  A quokka zombie (D:4)
  6 rats
  A fungus (D:2)
88 creatures vanquished.

Notes
Turn   | Place    | Note
-------+----------+-------------------------------------------
     0 | D:1      | DEFE the Draconian Fighter began the quest for the Orb.
     0 | D:1      | Reached XP level 1. HP: 19/19 MP: 1/1
   124 | D:1      | Reached XP level 2. HP: 26/26 MP: 2/2
   189 | D:1      | Reached skill level 3 in Maces & Flails
   453 | D:1      | Reached XP level 3. HP: 31/31 MP: 3/3
  1137 | D:2      | Reached skill level 4 in Maces & Flails
  1216 | D:2      | Found a runed translucent door.
  1217 | D:2      | Noticed Crazy Yiuf
  1312 | D:2      | Reached XP level 4. HP: 37/38 MP: 4/4
  1325 | D:2      | Found a radiant altar of Vehumet.
  1794 | D:3      | Reached skill level 5 in Maces & Flails
  1797 | D:3      | Found a bloodstained altar of Trog.
  1867 | D:3      | Reached XP level 5. HP: 15/45 MP: 5/5
  2813 | D:4      | Found a snail-covered altar of Cheibriados.
  2994 | D:4      | Reached skill level 6 in Maces & Flails
  3535 | D:5      | Entered Level 5 of the Dungeon
  3540 | D:5      | Noticed an ogre
  3547 | D:5      | Killed an ogre
  3547 | D:5      | Reached XP level 6. HP: 36/51 MP: 6/6
  3768 | D:5      | Noticed a sky beast
  3775 | D:5      | Noticed Edmund
  3781 | D:5      | Reached skill level 7 in Maces & Flails
  4019 | D:5      | Killed Edmund
  4019 | D:5      | Reached skill level 8 in Maces & Flails
  4019 | D:5      | Your scales start taking on a rich purple colour.
  4019 | D:5      | Reached XP level 7. HP: 22/57 MP: 7/7
  4020 | D:5      | Quit the game

Levels and vault maps discovered:
D:1:      denvon_arrival_waterhouse, layout_basic, minmay_pentomino_u2
D:2:      layout_basic, lemuel_crystal_altar, kennysheep_decorative_pillar,
          uniq_crazy_yiuf_cottage
D:3:      minmay_evil_eye, layout_loops_ring, bloody_trog, supply_closet_lemuel,
          minmay_stone_trees_small, kennysheep_generic_room_15
D:4:      wander_river, layout_basic, first_ration, lemuel_altar_in_water
D:5:      layout_loops_ring, lemuel_crystal_altar, gammafunk_ghost_mausoleum,
          uniq_sigmund, uniq_edmund

Skill      XL: |  1  2  3  4  5  6 |
---------------+-------------------+-----
Maces & Flails | 3 4 5 6 8 |  8.1
Fighting       | |  3.2
Dodging        | |  2.6
Shields        | |  3.0

Action                   |  1- 3 |  4- 6 |  7- 9 || total
-------------------------+-------+-------+-------++-------
Melee: Flail             |   106 |   199 |       ||   305
       Tailslap          |    11 |    22 |       ||    33
       Unarmed           |       |     8 |       ||     8
Throw: Dart              |       |    22 |       ||    22
  Use: Scroll            |       |     3 |       ||     3
       Potion            |       |     1 |       ||     1
 Stab: Sleeping          |       |     2 |       ||     2
  Eat: Chunk             |     1 |     5 |       ||     6
       Ration            |       |     1 |       ||     1
Armor: Skin              |    24 |    27 |       ||    51
Dodge: Dodged            |    55 |    63 |       ||   118
Block: Shield            |    46 |    76 |       ||   122

Table legend:
 A = Non-vault XP
 B = Vault XP
 C = Vault XP percentage of total XP
 D = Non-vault monster count
 E = Vault monster count
 F = Vault count percentage of total count
                 A         B        C        D         E       F
            +---------+---------+-------+---------+---------+-------
      Total |     692 |     189 |  21.5 |      80 |       7 |   8.0
            +---------+---------+-------+---------+---------+-------
        D:1 |      40 |       3 |   7.0 |      11 |       2 |  15.4
        D:2 |      86 |       0 |   0.0 |      26 |       0 |   0.0
        D:3 |     117 |      17 |  12.7 |      29 |       4 |  12.1
        D:4 |      65 |       0 |   0.0 |       7 |       0 |   0.0
        D:5 |     384 |     169 |  30.6 |       7 |       1 |  12.5
            +---------+---------+-------+---------+---------+-------
